 Dungeon Crawl Stone Soup version 0.31-a0-246-g8cbcc1cb85 (webtiles) character file.

Game seed: 6010550480085843533

70 Iniera the Sneak (level 4, -4/35 HPs)
             Began as a Demonspawn Brigand on July 13, 2023.
             Slain by an orc
             ... wielding a +0 trident
              (7 damage)
             ... on level 3 of the Dungeon.
             The game lasted 00:01:32 (1713 turns).

Iniera the Sneak (Demonspawn Brigand)               Turns: 1713, Time: 00:01:32

Health: -4/35      AC:  3    Str: 13    XL:     4   Next: 4%
Magic:  4/4        EV: 13    Int: 12    God:
Gold:   49         SH:  0    Dex: 15    Spells: 3/3 levels left

rFire   . . .        e - +0 glaive
rCold   . . .        (shield currently unavailable)
rNeg    . . .        b - +0 robe
rPois   .            (no helmet)
rElec   .            c - +0 cloak
rCorr   .            (no gloves)
SInv    .            (no boots)
Will    .....        (no amulet)
Stlth   +++          (no ring)
HPRegen 0.25/turn    (no ring)
MPRegen 0.09/turn

%: no passive effects
@: no status effects
A: repulsion field 1, foul stench 2
a: no special abilities


You were on level 3 of the Dungeon.
You visited 1 branch of the dungeon, and saw 3 of its levels.

You collected 49 gold pieces.

Inventory:

Hand Weapons
 e - a +0 glaive (weapon)
Missiles
 d - 9 poisoned darts (quivered)
 z - 3 curare-tipped darts
Armour
 b - a +0 robe (worn)
 c - a +0 cloak (worn)
Scrolls
 g - 3 scrolls of fog
 h - a scroll of brand weapon
 j - a scroll of immolation
Potions
 a - a potion of brilliance {unknown}
 f - 2 potions of lignification
 i - a potion of curing
 l - a potion of heal wounds


   Skills:
 + Level 3.5 Fighting
 - Level 1.7 Short Blades
 - Level 2.0 Throwing
 + Level 1.1 Armour
 - Level 0.8 Dodging
 - Level 4.0 Stealth


You had 3 spell levels left.
You didn't know any spells.
Your spell library contained the following spells:

 Spells                   Type           Power      Damage    Failure   Level
 Apportation              Tloc           0%         N/A       32%         1
 Necrotise                Necr           0%         1d4       32%         1
 Summon Small Mammal      Summ           0%         N/A       32%         1


Dungeon Overview and Level Annotations

Branches:
Dungeon (3/15)

Altars:


Innate Abilities, Weirdness & Mutations

You are surrounded by a mild repulsion field. (EV +2)
You sometimes emit foul miasma when damaged in melee.


Message History

The orc wizard casts a spell at you. The magic dart hits you!
You closely miss the orc wizard. The orc hits you but does no damage.
The orc wizard barely misses you.
The orc hits you from afar with a +0 trident.
* * * LOW HITPOINT WARNING * * *
The orc wizard hits you but does no damage.
You slash the orc wizard!
You kill the orc wizard!
The orc hits you from afar with a +0 trident.
* * * LOW HITPOINT WARNING * * *
The orc misses you.
Your Armour skill increases to level 1!
You have reached level 4!
You feel agile.
Your demonic ancestry asserts itself...
Your foul stench grows more powerful.
Found 7 gold pieces.
Things that are here:
9 gold pieces; a hobgoblin corpse Reach: e) +0 glaive
Press: ? - help, Dir - move target, f - orc
Aim: an orc, wielding a +0 trident (about 50% to evade your +0 glaive)
You reach to attack!
You barely miss the orc. The orc misses you.
Unknown command.
Reach: e) +0 glaive
Press: ? - help, Dir - move target, f/p - orc
Aim: an orc, wielding a +0 trident (about 50% to evade your +0 glaive)
You reach to attack!
You barely miss the orc. The orc barely misses you.
A dart slug comes into view.
The orc misses you.
Unknown command.
Reach: e) +0 glaive
Press: ? - help, Dir - move target, f/p - orc
Aim: an orc, wielding a +0 trident (about 50% to evade your +0 glaive)
You reach to attack!
You barely miss the orc.
The orc hits you from afar with a +0 trident.
* * * LOW HITPOINT WARNING * * *
A dart slug comes into view.
The orc hits you from afar with a +0 trident!
You die...

.. #.$ ###. #.#
#w#.##.### .#
#>......# .#
#.$....###.###
##...........
##......##..####.#
#..w†@..##........
#.#.##.###.[.≈≈≈≈≈.
###.##o##...####
..og.......##.#.###
...o.##...≈≈##..#.#
#### #...≈≈#.....#
#..≈≈≈#####.#
##.≈≈≈≈≈ #.######
#.≈≈≈≈≈≈ #.......


You could see 2 dart slugs and an orc.

Vanquished Creatures
  An orc wizard (D:3)
  2 dart slugs
  5 bats
  2 endoplasms (D:2)
  7 goblins
  7 hobgoblins
  2 jackals (D:2)
  4 kobolds
  2 quokkas (D:1)
  2 ball pythons
  A frilled lizard (D:3)
  3 rats
38 creatures vanquished.

Notes
Turn   | Place    | Note
-------+----------+-------------------------------------------
     0 | D:1      | Iniera the Demonspawn Brigand began the quest for the Orb.
     0 | D:1      | Reached XP level 1. HP: 16/16 MP: 1/1
   196 | D:1      | Gained mutation: You are surrounded by a mild repulsion
                  | field. (EV +2) [demonic ancestry]
   196 | D:1      | Reached XP level 2. HP: 10/23 MP: 2/2
   650 | D:1      | Reached skill level 4 in Stealth
  1001 | D:2      | Gained mutation: You may rarely emit foul miasma when
                  | damaged in melee. [demonic ancestry]
  1001 | D:2      | Reached XP level 3. HP: 29/29 MP: 3/3
  1710 | D:3      | Reached skill level 1 in Armour
  1710 | D:3      | Gained mutation: You sometimes emit foul miasma when
                  | damaged in melee. [demonic ancestry]
  1710 | D:3      | Reached XP level 4. HP: 3/35 MP: 4/4
  1713 | D:3      | Slain by an orc

Illustrated notes

Levels and vault maps discovered:
D:1:      roderic_dead_forest, layout_basic
D:2:      layout_loops_corners
D:3:      layout_loops_ring, columned_hall_lemuel, glass_columns_b,
          grunt_decor_junction

Skill      XL: |  1  2  3 |
---------------+----------+-----
Throwing       | 2 |  2.0
Stealth        | 4 |  4.0
Fighting       | 3 |  3.5
Armour         | 1 |  1.1
Short Blades   | |  1.7
Dodging        | |  0.8

Action                     |  1- 3 |  4- 6 || total
---------------------------+-------+-------++-------
  Melee: Glaive            |    74 |     3 ||    77
         Dagger            |     7 |       ||     7
    Use: Scroll            |     7 |       ||     7
   Stab: Sleeping          |    12 |       ||    12
 Armour: Robe              |    27 |       ||    27
  Dodge: Dodged            |    59 |     3 ||    62

Table legend: (Time is in decaauts)
 A = Elapsed time spent in this place.
 B = Non-inter-level travel time spent in this place.
 C = Inter-level travel time spent in this place.
 D = Time resting spent in this place.
 E = Time spent auto-exploring this place.
 F = Levels seen in this place.
 G = Mean time per level.
                   A        B        C        D        E       F      G
               +--------+--------+--------+--------+--------+-----+--------+
         Total |   1764 |   1736 |     28 |      0 |   1433 |   3 |  588.0 |
       Dungeon |   1764 |   1736 |     28 |      0 |   1433 |   3 |  588.0 |
               +--------+--------+--------+--------+--------+-----+--------+

Top non-repeatable levels by time:
     D:2: 897 daAuts
     D:1: 781 daAuts
     D:3: 86 daAuts
